 Dungeon Crawl Stone Soup version 0.29-a0-270-g1586fc07ea (webtiles) character file.

Game seed: 10030233659048682798

46 rabbitsville the Grave Robber (level 3, -2/24 HPs)
             Began as a Demonspawn Necromancer on Mar 7, 2022.
             Slain by a rat (3 damage)
             ... on level 3 of the Dungeon.
             The game lasted 00:10:08 (2460 turns).

rabbitsville the Grave Robber (DsNe)                Turns: 2460, Time: 00:10:11

Health: -2/24      AC: 10    Str: 10    XL:     3   Next: 46%
Magic:  2/6        EV: 11    Int: 16    God:
Gold:   120        SH:  0    Dex: 13    Spells: 6/7 levels left

rFire   . . .      SeeInvis .   g - +0 hand axe
rCold   . . .      Faith    .   (no shield)
rNeg    . . .      Spirit   .   n - +1 leather armour {Will+}
rPois   .          Reflect  .   (no helmet)
rElec   .          Harm     .   (no cloak)
rCorr   .          Rampage  .   (no gloves)
Will    +....                   (no boots)
Stlth   ++........              (no amulet)
HPRegen 0.08/turn               (no ring)
MPRegen 0.10/turn               (no ring)

@: sanguine armoured
A: sanguine armour 1
a: no special abilities


You were on level 3 of the Dungeon.
You visited 1 branch of the dungeon, and saw 3 of its levels.

You collected 120 gold pieces.

Inventory:

Hand Weapons
 g - a +0 hand axe (weapon)
Armour
 a - a +0 robe
 n - a +1 leather armour of willpower (worn)
Jewellery
 h - an amulet of guardian spirit
Scrolls
 c - 2 scrolls of noise {unknown}
 d - a scroll of brand weapon {unknown}
 e - 2 scrolls of identify {unknown}
 f - a scroll of fog {unknown}
 k - 5 scrolls of teleportation {unknown}
 m - a scroll of enchant armour {unknown}
Potions
 b - a potion of magic
 i - a potion of berserk rage {unknown}
 j - a potion of heal wounds {unknown}
 l - a potion of might {unknown}


   Skills:
 - Level 1.7 Dodging
 - Level 1.7 Stealth
 + Level 2.6 Spellcasting
 * Level 5.4 Necromancy


You had 6 spell levels left.
You knew the following spells:

 Your Spells              Type           Power      Damage    Failure   Level
a - Pain                  Necr           76%        1d7       3%          1

Your spell library contained the following spells:

 Spells                   Type           Power      Damage    Failure   Level
 Animate Skeleton         Necr           38%        N/A       3%          1
 Vampiric Draining        Necr           19%        2d7       9%          3
 Magic Dart               Conj           8%         1d3       26%         1
 Animate Dead             Necr           9%         N/A       28%         4
 Call Imp                 Summ           2%         N/A       38%         2
 Mephitic Cloud           Conj/Pois/Air  2%         N/A       63%         3
 Tukima's Dance           Hex            2%         N/A       63%         3
 Agony                    Necr           19%        N/A       63%         5
 Anguish                  Hex/Necr       5%         N/A       65%         4
 Enfeeble                 Hex            1%         N/A       100%        7


Dungeon Overview and Level Annotations

Branches:
Dungeon (2/15)

Altars:


Innate Abilities, Weirdness & Mutations

When seriously injured, your blood forms armour. (AC +6)


Message History

The ufetubus barely misses you. The ufetubus closely misses you. x2
The ufetubus barely misses you.
You barely miss the ufetubus.
The ufetubus is severely wounded.
The ufetubus hits you but does no damage. x2
The ufetubus closely misses you. The ufetubus barely misses you.
You barely miss the ufetubus.
The ufetubus is severely wounded.
The ufetubus hits you but does no damage. x3
The ufetubus closely misses you.
You hit the ufetubus but do no damage.
The ufetubus is severely wounded.
The ufetubus misses you. The ufetubus completely misses you.
The ufetubus closely misses you. The ufetubus barely misses you.
You hit the ufetubus.
You kill the ufetubus!
Aiming: Pain (safe; 3% risk of failure)
Press: ? - help, Q - select action Shift-Dir - straight line, f - rat
Aim: a rat (chance to affect: 89%)
The rat barely resists.
The rat bites you.
* * * LOW HITPOINT WARNING * * *
You closely miss the rat. The rat barely misses you.
Aiming: Pain (safe; 3% risk of failure)
Press: ? - help, Q - select action Shift-Dir - straight line, f/p - rat
Aim: a rat (chance to affect: 89%)
The rat barely resists.
The rat closely misses you. The rat attacks as you move away!
The rat closely misses you.
Aiming: Pain (safe; 3% risk of failure)
Press: ? - help, Q - select action Shift-Dir - straight line, f/p - rat
Aim: a rat (chance to affect: 89%)
The rat barely resists.
The rat barely misses you.
Aiming: Pain (safe; 3% risk of failure)
Press: ? - help, Q - select action Shift-Dir - straight line, f/p - rat
Aim: a rat (chance to affect: 89%)
The rat writhes in agony.
The rat bites you.
You die...

..... ..... ##$#..## ######## ...
...# #......# .#. ##.##
#......### .#.##..)## #......##.
...#.....## #......##.
.##.......##############......##.
...............r@......).........
...........######+######......###
.##.......## ##......# # .
##.....## #........## . ##....#
#........## . ##.#.# #........##
. ###.# ####.#..... . #..
#.#..... #.#.....


You could see a rat.

Vanquished Creatures
  An ufetubus (D:3)
  A worm (D:2)
  2 orcs (D:3)
  2 bats
  An endoplasm (D:3)
  A giant cockroach (D:1)
  2 goblins
  2 hobgoblins (D:1)
  4 jackals
  3 quokkas
  3 ball pythons
  4 frilled lizards
  6 kobolds
  2 rats (D:1)
34 creatures vanquished.

Notes
Turn   | Place    | Note
-------+----------+-------------------------------------------
     0 | D:1      | rabbitsville the Demonspawn Necromancer began the quest for
                  | the Orb.
     0 | D:1      | Reached XP level 1. HP: 13/13 MP: 3/3
   429 | D:2      | Found a faded altar of an unknown god.
   530 | D:1      | Gained mutation: When seriously injured, your blood forms
                  | armour. (AC +6) [demonic ancestry]
   530 | D:1      | Reached XP level 2. HP: 15/19 MP: 1/5
  1023 | D:1      | Reached skill level 5 in Necromancy
  1898 | D:2      | Reached XP level 3. HP: 22/24 MP: 3/6
  2147 | D:2      | You fall into a shaft and drop 1 floor!
  2460 | D:3      | Slain by a rat

Illustrated notes

Levels and vault maps discovered:
D:1:      saegor_arrival_under_anarchy, layout_loops_ring,
          roderic_roman_lattice, roderic_lattice_a, chequers_decorated_corner,
          corexii_hall_statues_x, nrook_mini_vaults
D:2:      layout_basic, shapermc_ecumenical_altar_hornbeckon, hex_intersection
D:3:      layout_basic

Skill      XL: |  1  2 |
---------------+-------+-----
Necromancy     | 5 |  5.4
Dodging        | |  1.7
Stealth        | |  1.7
Spellcasting   | |  2.6

Action                   || total
-------------------------++-------
Melee: Dagger            ||     7
       Unarmed           ||     1
       Hand axe          ||    28
 Cast: Pain              ||    62
Armor: Robe              ||    11
       Leather armour    ||    15
Dodge: Dodged            ||    59

Table legend: (Time is in decaauts)
 A = Elapsed time spent in this place.
 B = Non-inter-level travel time spent in this place.
 C = Inter-level travel time spent in this place.
 D = Time resting spent in this place.
 E = Time spent auto-exploring this place.
 F = Levels seen in this place.
 G = Mean time per level.
                   A        B        C        D        E       F      G
               +--------+--------+--------+--------+--------+-----+--------+
         Total |   2476 |   2466 |     10 |    898 |    643 |   3 |  825.3 |
       Dungeon |   2476 |   2466 |     10 |    898 |    643 |   3 |  825.3 |
               +--------+--------+--------+--------+--------+-----+--------+

Top non-repeatable levels by time:
     D:1: 1294 daAuts
     D:2: 865 daAuts
     D:3: 316 daAuts
